AoeStats
← king_espo

MegaRandom

510635662Analyzed
3v3 RM · 1d ago on Oct 1, 2026· 41m 20s· 6 players
Game mode
Random Map
Map size
Normal (6 player)
Population
200
Speed
Normal
Resources
Standard
Victory
Conquest
Starting age
Dark Age
Ending age
Imperial Age
RankedLock teamsTeams togetherTeam positionsShared explorationLock speedFull tech treeHidden civsTurbo modeCheats
Victory
Defeat
🇺🇸 Ethiopians · United States
1268
+10
🇺🇸 Danes · United States
1217
+12
🇺🇸 Cumans · United States
1202
+12
🇺🇸 Ethiopians · United States
1160
-12
🇨🇦 Britons · Canada
1142
-12
🇨🇦 Varangians · Canada
1080
-10
marineEdgeLord
5:31 Loom
7:26 Loom
9:41 Feudal Age
11:40 Feudal Age
16:29 Castle Age
15:18 Double-Bit Axe
16:10 Fletching
16:27 Town Watch
16:40 Horse Collar
19:14 Elite Skirmisher
21:43 Padded Archer Armor
sebas4fr
3:22 Loom
10:59 Feudal Age
15:35 Castle Age
17:18 Wheelbarrow
16:29 Town Watch
17:50 Horse Collar
17:56 Double-Bit Axe
24:24 Gold Mining
24:24 Stone Mining
25:52 Arson
26:08 Squires
25:54 Gambesons
27:13 Scale Mail Armor
27:23 Forging
28:34 Hand Cart
29:45 Chain Mail Armor
30:05 Iron Casting
38:05 Imperial Age
36:57 Iron Casting
37:39 Fletching
38:26 Heavy Plow
38:38 Bow Saw
39:21 Conscription
38:35 Elite Varangian Guard
40:21 Blast Furnace
39:51 Plate Mail Armor
40:08 Scale Barding Armor
40:09 Pikeman
40:46 Halberdier
GOOFIN_WIT_DA_BOYS
12:09 Feudal Age
12:44 Double-Bit Axe
13:52 Fletching
14:46 Padded Archer Armor
16:33 Wheelbarrow
16:01 Town Watch
23:11 Castle Age
21:55 Forging
22:34 Scale Barding Armor
23:20 Crossbowman
23:24 Light Cavalry
24:18 Husbandry
24:52 Loom
Yoking
9:35 Loom
11:56 Feudal Age
12:24 Double-Bit Axe
17:22 Castle Age
17:11 Fletching
18:33 Bodkin Arrow
18:54 Bow Saw
19:05 Crossbowman
25:09 Wheelbarrow
king_espo
9:40 Feudal Age
10:29 Double-Bit Axe
10:30 Horse Collar
13:47 Loom
16:57 Wheelbarrow
20:24 Castle Age
19:09 Scale Barding Armor
19:03 Gold Mining
20:06 Bloodlines
21:15 Forging
23:33 Chain Barding Armor
23:57 Iron Casting
26:05 Hand Cart
30:45 Imperial Age
29:27 Gold Shaft Mining
30:54 Cavalier
31:21 Demolition Ship
32:52 Plate Barding Armor
33:23 Blast Furnace
32:53 Paladin
34:12 Fletching
34:53 Ballistics
36:08 Bodkin Arrow
36:11 Murder Holes
37:17 Chemistry
37:51 Town Watch
Turtletamer11
11:47 Feudal Age
12:40 Feudal Age
11:45 Loom
13:59 Horse Collar
16:40 Castle Age
14:43 Double-Bit Axe
16:04 Padded Archer Armor
18:28 Elite Skirmisher
24:55 Squires
24:45 Arson
30:40 Wheelbarrow
32:03 Heavy Plow
33:46 Bow Saw
35:23 Hand Cart
36:54 Fervor
41:53 Imperial Age
Connection lost

Rejoining the realm…

Still unreachable

The connection could not be restored.

Session expired

The server has moved on; the page needs a fresh start.